 Dungeon Crawl Stone Soup version 0.29.0-4-gdea44cf6ec (webtiles) character file.

Game seed: 13243549738884597554

3194 qw the Grappler (level 9, -5/85 HPs)
             Began as a Troll Cinder Acolyte on Aug 31, 2022.
             Was a High Priest of Ignis.
             Slain by an unseen horror (7 damage)
             ... on level 8 of the Dungeon.
             The game lasted 00:02:52 (6524 turns).

qw the Grappler (Troll Cinder Acolyte)              Turns: 6524, Time: 00:02:53

Health: -5/85      AC:  4    Str: 32 (34) XL:     9   Next: 64%
Magic:  9/9        EV:  9    Int: 10      God:    Ignis [*****.]
Gold:   480        SH:  5    Dex:  5      Spells: 10/10 levels left

rFire   + + .      SeeInvis .     - Unarmed
rCold   . . .      Faith    .   (no shield)
rNeg    . . .      Spirit   .   a - +0 robe
rPois   .          Reflect  +   (helmet restricted)
rElec   .          Harm     .   (no cloak)
rCorr   .          Rampage  .   (gloves unavailable)
Will    .....                   (boots unavailable)
Stlth   +.........              r - amulet of reflection
HPRegen 1.04/turn               k - +6 ring of strength
MPRegen 0.11/turn               j - ring of protection from fire

@: no status effects
A: large, unfitting armour, claws 3, regeneration 1, shaggy fur 1, tough skin 1
a: Renounce Religion, Fiery Armour, Foxfire Swarm, Rising Flame


You were on level 8 of the Dungeon.
You worshipped Ignis.
Ignis was extremely pleased with you.
You visited 1 branch of the dungeon, and saw 8 of its levels.

You collected 480 gold pieces.


Innate Abilities, Weirdness & Mutations

You are too large for most types of armour.
You have claws for hands.
Your natural rate of healing is unusually fast.
You are covered in fur. (AC +1)
You have tough skin. (AC +1)


   Skills:
 + Level 4.5 Fighting
 - Level 4.2 Throwing
 - Level 1.1 Dodging
 - Level 12.0 Unarmed Combat
 - Level 1.0 Spellcasting
 - Level 2.1 Fire Magic


You had 10 spell levels left.
You didn't know any spells.
Your spell library contained the following spells:

 Spells                   Type           Power      Damage    Failure   Level
 Scorch                   Fire           8%         2d5       22%         2

Inventory:

Missiles
 i - 4 javelins
 o - a large rock
 p - 3 boomerangs (quivered)
Armour
 a - a +0 robe (worn)
Jewellery
 j - a ring of protection from fire (right claw)
 k - a +6 ring of strength (left claw)
 m - a ring of resist corrosion
 n - a ring of willpower
 r - an amulet of reflection (around neck)
Scrolls
 f - 2 scrolls of enchant weapon
 g - 4 scrolls of identify
Potions
 b - a potion of might
 c - a potion of brilliance {unknown}
 d - a potion of mutation {unknown}
 e - 2 potions of heal wounds
 h - a potion of berserk rage {unknown}
 l - 2 potions of haste
 q - 2 potions of curing {unknown}
 s - a potion of resistance {unknown}

Dungeon Overview and Level Annotations

Branches:
Dungeon (8/15)             Temple (0/1) D:6
   Lair: D:8-11

Altars:
Ashenzari
Cheibriados
Elyvilon
Fedhas
Hepliaklqana
Makhleb
Trog
Uskayaw
Yredelemnul
Zin

Annotations:
D:5 1 runed translucent door, qw's ghost, novice TrCA


Message History

Something hits you.
You swing at nothing.
Something hits you but does no damage.
You swing at nothing.
Something hits you but does no damage.
You scratch something but do no damage. Something hits you.
You swing at nothing.
Something hits you!
You barely miss something. Something completely misses you.
Something hits you but does no damage.
You closely miss something. Something hits you.
Something hits you but does no damage.
You barely miss something. Something hits you.
You miss something. Something hits you.
You swing at nothing.
Something hits you!
You swing at nothing.
Something hits you!
You mangle something!! Something hits you but does no damage.
You barely miss something. Something hits you.
You barely miss something. Something hits you. Something hits you!
You claw something! Your claw misses something. Something hits you.
You block something's attack.
You barely miss something. Your claw misses something.
Something hits you but does no damage.
You swing at nothing.
Something hits you.
You swing at nothing.
You block something's attack.
You swing at nothing.
Something hits you.
You swing at nothing.
You block something's attack. Something hits you!
You die...

........##.....#.#
.##.#....##...#..#
.# #.##...##...#.##
#.# ...
##..##...##.###.###
....
##..##...#........
...
#..#...##.##...#.
..[
#..##...#.##.....
##..##..#..##.#.#>
#@..##..##...<#.#.
#..##...#..#......
....# #.#####...
#....## #. #.##
......# #. #.#.
......#. .# #...
#####. . # #.## ..
. #.## ###...


There were no monsters in sight!

Vanquished Creatures
  Grum (D:8)
  Menkaure (D:4)
  3 water moccasins
  4 black bears
  3 ice beasts
  A sky beast (D:7)
  4 wolves (D:8)
  A centaur (D:7)
  2 phantoms
  A kobold brigand (D:7)
  2 bullfrogs (D:7)
  3 scorpions
  2 necrophages
  3 wights (D:7)
  A jelly (D:6)
  3 hounds
  2 gnoll boudas
  4 orc wizards
  4 iguanas
  A mummy (D:5)
  8 gnolls
  11 adders
  2 shadow imps
  A white imp (D:6)
  3 ufetubi
  A worm (D:4)
  17 orcs
  5 endoplasms
  2 giant cockroaches
  10 goblins
  8 hobgoblins
  12 jackals
  7 kobolds
  3 quokkas
  8 ball pythons
  2 bats
  2 frilled lizards
  3 hobgoblin zombies (D:5)
  A kobold zombie (D:5)
  3 rats
155 creatures vanquished.

Vanquished Creatures (others)
  A plant (D:6)
1 creature vanquished.

Grand Total: 156 creatures vanquished

Notes
Turn   | Place    | Note
-------+----------+-------------------------------------------
     0 | D:1      | qw the Troll Cinder Acolyte began the quest for the Orb.
     0 | D:1      | Reached XP level 1. HP: 22/22 MP: 1/1
     0 | D:1      | 0 ||| qw: Version: 0.1-a-97-g2dd2ca4
     0 | D:1      | 0 ||| qw: Game counter: 4629
     0 | D:1      | 0 ||| qw: Always use a shield: true
     0 | D:1      | 0 ||| qw: God list: Okawaru
     0 | D:1      | 0 ||| qw: Allow faded altars: false
     0 | D:1      | 0 ||| qw: Do Orc after D:15 true
     0 | D:1      | 0 ||| qw: Do second Lair branch before Depths: true
     0 | D:1      | 0 ||| qw: Lair rune preference: random
     0 | D:1      | 0 ||| qw: Plans: Normal
     0 | D:1      | 0 ||| PLANNING D:1-11
   199 | D:1      | Reached XP level 2. HP: 29/29 MP: 2/2
   250 | D:1      | 250 ||| Stepping ~*~*~tactically~*~*~ (stealth).
   263 | D:1      | 263 ||| Stepping ~*~*~tactically~*~*~ (stealth).
   266 | D:1      | 266 ||| Stepping ~*~*~tactically~*~*~ (stealth).
   292 | D:1      | 292 ||| Stepping ~*~*~tactically~*~*~ (outnumbered).
   293 | D:1      | 293 ||| Stepping ~*~*~tactically~*~*~ (outnumbered).
   294 | D:1      | 294 ||| Stepping ~*~*~tactically~*~*~ (outnumbered).
   295 | D:1      | 295 ||| Stepping ~*~*~tactically~*~*~ (outnumbered).
   296 | D:1      | 296 ||| Stepping ~*~*~tactically~*~*~ (outnumbered).
   404 | D:1      | Reached skill level 1 in Throwing
   469 | D:1      | Found a faded altar of an unknown god.
   611 | D:1      | 611 ||| READING scroll labelled UWILLE UCWUSE.
   711 | D:2      | 711 ||| Stepping ~*~*~tactically~*~*~ (stealth).
   763 | D:2      | Reached skill level 4 in Unarmed Combat
   763 | D:2      | Reached XP level 3. HP: 36/36 MP: 3/3
   972 | D:2      | 972 ||| Stepping ~*~*~tactically~*~*~ (stealth).
   997 | D:2      | 997 ||| FLEEEEING.
   998 | D:2      | 998 ||| FLEEEEING.
   999 | D:2      | 999 ||| FLEEEEING.
  1000 | D:2      | 1000 ||| STAIRDANCE
  1004 | D:1      | 1004 ||| UPGRADING to ring of protection from fire.
  1005 | D:1      | 1005 ||| READING scroll labelled HAN VAKLIYKLI.
  1006 | D:1      | 1006 ||| READING 2 scrolls labelled LEDECE MAKK.
  1007 | D:1      | 1007 ||| DRINKING 2 fuming white potions.
  1008 | D:1      | 1008 ||| DRINKING 2 ruby potions.
  1009 | D:1      | 1009 ||| DROPPING potion of magic.
  1010 | D:1      | 1010 ||| DROPPING potion of invisibility.
  1076 | D:2      | 1076 ||| Stepping ~*~*~tactically~*~*~ (stealth).
  1170 | D:2      | Reached XP level 4. HP: 44/44 MP: 4/4
  1442 | D:2      | 1442 ||| UPGRADING to ring of resist corrosion.
  1443 | D:2      | 1443 ||| READING scroll labelled IFUQY PUGU.
  1444 | D:2      | 1444 ||| READING scroll labelled NEMEVA BOUMNIXT.
  1509 | D:3      | 1509 ||| Stepping ~*~*~tactically~*~*~ (stealth).
  1579 | D:3      | 1579 ||| Stepping ~*~*~tactically~*~*~ (stealth).
  1754 | D:3      | Found a snail-covered altar of Cheibriados.
  1893 | D:3      | Reached skill level 5 in Unarmed Combat
  2068 | D:3      | 2068 ||| UPGRADING to ring of willpower.
  2070 | D:3      | 2070 ||| DRINKING 2 coppery potions.
  2071 | D:3      | 2071 ||| READING 2 scrolls of identify.
  2071 | D:3      | 2071 ||| IDENTIFYING bubbling coppery potion
  2072 | D:3      | 2072 ||| DROPPING potion of lignification.
  2088 | D:4      | 2088 ||| STAIRDANCE
  2090 | D:3      | 2090 ||| Stepping ~*~*~tactically~*~*~ (outnumbered).
  2102 | D:4      | 2102 ||| STAIRDANCE
  2104 | D:3      | 2104 ||| Stepping ~*~*~tactically~*~*~ (outnumbered).
  2107 | D:3      | Reached XP level 5. HP: 46/50 MP: 5/5
  2116 | D:4      | 2116 ||| Stepping ~*~*~tactically~*~*~ (outnumbered).
  2118 | D:4      | 2118 ||| Stepping ~*~*~tactically~*~*~ (outnumbered).
  2121 | D:4      | 2121 ||| Stepping ~*~*~tactically~*~*~ (outnumbered).
  2222 | D:4      | Noticed Menkaure
  2233 | D:4      | 2233 ||| INVOKING Fiery Armour.
  2235 | D:4      | Killed Menkaure
  2236 | D:4      | Reached skill level 6 in Unarmed Combat
  2236 | D:4      | Reached XP level 6. HP: 16/59 MP: 6/6
  2239 | D:4      | 2239 ||| FLEEEEING.
  2289 | D:4      | 2289 ||| Stepping ~*~*~tactically~*~*~ (stealth).
  2304 | D:4      | 2304 ||| Stepping ~*~*~tactically~*~*~ (outnumbered).
  2305 | D:4      | 2305 ||| Stepping ~*~*~tactically~*~*~ (outnumbered).
  2306 | D:4      | 2306 ||| Stepping ~*~*~tactically~*~*~ (outnumbered).
  2308 | D:4      | 2308 ||| Stepping ~*~*~tactically~*~*~ (outnumbered).
  2334 | D:4      | Reached skill level 7 in Unarmed Combat
  2410 | D:4      | 2410 ||| Stepping ~*~*~tactically~*~*~ (stealth).
  2650 | D:4      | Reached XP level 7. HP: 65/66 MP: 7/7
  3492 | D:4      | 3492 ||| READING scroll labelled GAUD INUNU.
  3593 | D:4      | 3593 ||| READING 2 scrolls labelled XEIBYRE HAED.
  3594 | D:4      | 3594 ||| DRINKING 2 fuming ruby potions.
  3595 | D:4      | 3595 ||| DRINKING 2 yellow potions.
  3637 | D:5      | Entered Level 5 of the Dungeon
  3652 | D:5      | 3652 ||| Stepping ~*~*~tactically~*~*~ (stealth).
  3658 | D:5      | Reached skill level 8 in Unarmed Combat
  3664 | D:5      | Reached skill level 3 in Fighting
  3718 | D:5      | 3718 ||| Stepping ~*~*~tactically~*~*~ (stealth).
  3719 | D:5      | 3719 ||| Stepping ~*~*~tactically~*~*~ (stealth).
  3720 | D:5      | 3720 ||| Stepping ~*~*~tactically~*~*~ (stealth).
  3890 | D:5      | Found a glowing silver altar of Zin.
  3956 | D:5      | Found a hide-covered altar of Uskayaw.
  4287 | D:5      | Found a runed translucent door.
  4290 | D:5      | Noticed qw's ghost (novice TrCA)
  4507 | D:5      | 4507 ||| UPGRADING to +6 ring of strength.
  4509 | D:5      | 4509 ||| UPGRADING to ring of protection from fire.
  4511 | D:5      | 4511 ||| READING scroll labelled JAODIA SILUHE.
  4512 | D:5      | 4512 ||| DRINKING 3 bubbling clear potions.
  4513 | D:5      | 4513 ||| DROPPING 2 potions of attraction.
  4514 | D:5      | 4514 ||| Stepping randomly (stuck).
  4515 | D:5      | 4515 ||| Stepping ~*~*~tactically~*~*~ (cloud).
  4572 | D:6      | 4572 ||| Stepping ~*~*~tactically~*~*~ (hiding).
  4573 | D:6      | 4573 ||| Stepping ~*~*~tactically~*~*~ (hiding).
  4711 | D:6      | Found a staircase to the Ecumenical Temple.
  4735 | D:6      | 4735 ||| Stepping ~*~*~tactically~*~*~ (stealth).
  4740 | D:6      | Reached skill level 9 in Unarmed Combat
  4740 | D:6      | Reached XP level 8. HP: 75/75 MP: 8/8
  4769 | D:6      | Reached skill level 1 in Dodging
  4838 | D:6      | Found a burning altar of Makhleb.
  4842 | D:6      | Found a bloodstained altar of Trog.
  4846 | D:6      | Found a broken altar of Ashenzari.
  4965 | D:6      | 4965 ||| Stepping ~*~*~tactically~*~*~ (stealth).
  5037 | D:6      | Reached skill level 3 in Throwing
  5092 | D:6      | Found a blossoming altar of Fedhas.
  5132 | D:6      | 5132 ||| Stepping ~*~*~tactically~*~*~ (stealth).
  5482 | D:6      | 5482 ||| READING scroll labelled JUKUODAQUWN.
  5483 | D:6      | 5483 ||| READING scroll labelled YTEZITRYURGH.
  5484 | D:6      | 5484 ||| READING scroll labelled GAHOUF TUOSCHE.
  5525 | D:7      | Reached skill level 10 in Unarmed Combat
  5542 | D:7      | 5542 ||| FLEEEEING.
  5543 | D:7      | 5543 ||| FLEEEEING.
  5544 | D:7      | 5544 ||| FLEEEEING.
  5545 | D:7      | 5545 ||| FLEEEEING.
  5546 | D:7      | 5546 ||| FLEEEEING.
  5552 | D:7      | 5552 ||| Stepping ~*~*~tactically~*~*~ (outnumbered).
  5553 | D:7      | 5553 ||| Stepping ~*~*~tactically~*~*~ (outnumbered).
  5557 | D:7      | 5557 ||| STAIRDANCE
  5686 | D:7      | 5686 ||| Stepping ~*~*~tactically~*~*~ (hiding).
  5687 | D:7      | 5687 ||| Stepping ~*~*~tactically~*~*~ (hiding).
  5691 | D:7      | 5691 ||| Stepping ~*~*~tactically~*~*~ (hiding).
  5692 | D:7      | 5692 ||| Stepping ~*~*~tactically~*~*~ (hiding).
  5839 | D:7      | Reached XP level 9. HP: 84/84 MP: 9/9
  5892 | D:7      | Found a white marble altar of Elyvilon.
  5935 | D:7      | 5935 ||| INVOKING Fiery Armour.
  5936 | D:7      | 5936 ||| Stepping ~*~*~tactically~*~*~ (outnumbered).
  5937 | D:7      | 5937 ||| Stepping ~*~*~tactically~*~*~ (outnumbered).
  5938 | D:7      | 5938 ||| Stepping ~*~*~tactically~*~*~ (outnumbered).
  5943 | D:7      | 5943 ||| Stepping ~*~*~tactically~*~*~ (outnumbered).
  5948 | D:7      | Reached skill level 11 in Unarmed Combat
  5953 | D:7      | HP: 21/84 [something (5)]
  6277 | D:7      | 6277 ||| UPGRADING to amulet of reflection.
  6282 | D:7      | 6282 ||| DRINKING 2 metallic golden potions.
  6283 | D:7      | 6283 ||| DROPPING potion of degeneration.
  6299 | D:8      | 6299 ||| Stepping ~*~*~tactically~*~*~ (hiding).
  6330 | D:8      | Found a basalt altar of Yredelemnul.
  6330 | D:8      | Found a hazy altar of Hepliaklqana.
  6345 | D:8      | Noticed Grum
  6346 | D:8      | 6346 ||| INVOKING Fiery Armour.
  6351 | D:8      | 6351 ||| Stepping ~*~*~tactically~*~*~ (outnumbered).
  6363 | D:8      | Killed Grum
  6364 | D:8      | Reached skill level 12 in Unarmed Combat
  6369 | D:8      | 6369 ||| FLEEEEING.
  6370 | D:8      | 6370 ||| FLEEEEING.
  6518 | D:8      | HP: 12/85 [something (10)]
  6523 | D:8      | HP: 2/85 [something (6)]
  6524 | D:8      | Slain by an unseen horror

Levels and vault maps discovered:
D:1:      shiori_arrival_oz, layout_basic, shapermc_ecumenical_altar_petra,
          chequers_serial_rivers_marsh, corexii_item_surrounded_by_moat,
          bh_walls_and_bars
D:2:      layout_loops_ring, chequers_serial_rivers_large_a
D:3:      layout_loops_ring, mainiacjoe_overflow_paths
D:4:      layout_layer_cave, st_stairs_3, patterned_corridor, uniq_menkaure
D:5:      layout_cave_pods, general_overflow_altar,
          eat_drink_and_be_merry_uskayaw, ebering_ghost_sewer_d,
          palyth_stone_intersect, minmay_mini_ossuary
D:6:      layout_basic, lemuel_tele_altar, grunt_temple_overflow_diamond,
          minmay_temple_entry_gardened_gates, minmay_door_square,
          kennysheep_minor_cross, minmay_misc_feat_hallway
D:7:      layout_rooms, marbit_many_paths, grunt_tough_drop
D:8:      hellmonk_ruined_rings, layout_loops_cross,
          mainiacjoe_overflow_divided_tiny, lair_entry_dummy, enter_bailey_6,
          supply_closet_lemuel, hangedman_glass_teeth, kennysheep_crisscross,
          uniq_maggie, uniq_grum

Skill      XL: |  1  2  3  4  5  6  7  8  9 |
---------------+----------------------------+-----
Throwing       | 1 2 3 4 |  4.2
Unarmed Combat | 4 5 6 7 9 10 12 | 12.0
Fighting       | 3 4 |  4.5
Dodging        | 1 |  1.1
Spellcasting   | |  1.0
Fire Magic     | |  2.1

Action                   |  1- 3 |  4- 6 |  7- 9 || total
-------------------------+-------+-------+-------++-------
Melee: Unarmed           |    65 |    96 |   178 ||   339
       Punch             |     1 |     1 |     7 ||     9
Throw: Large rock        |    17 |    28 |    23 ||    68
       Javelin           |       |     6 |    25 ||    31
       Boomerang         |       |       |     6 ||     6
Invok: Fiery Armour      |       |     1 |     2 ||     3
  Use: Scroll            |     3 |     3 |     6 ||    12
       Potion            |     2 |     1 |     4 ||     7
Armor: Robe              |    16 |    33 |    58 ||   107
Dodge: Dodged            |    16 |    36 |    79 ||   131
Block: Other             |       |       |    12 ||    12

Table legend:
 A = Non-vault XP
 B = Vault XP
 C = Vault XP percentage of total XP
 D = Non-vault monster count
 E = Vault monster count
 F = Vault count percentage of total count
                 A         B        C        D         E       F
            +---------+---------+-------+---------+---------+-------
      Total |    3043 |    1520 |  33.3 |     132 |      23 |  14.8
            +---------+---------+-------+---------+---------+-------
        D:1 |      26 |       4 |  13.3 |      18 |       2 |  10.0
        D:2 |      67 |       0 |   0.0 |      13 |       0 |   0.0
        D:3 |      99 |       0 |   0.0 |      16 |       0 |   0.0
        D:4 |     297 |     259 |  46.6 |      33 |       4 |  10.8
        D:5 |     542 |      22 |   3.9 |      13 |       5 |  27.8
        D:6 |     794 |       0 |   0.0 |      14 |       0 |   0.0
        D:7 |     982 |     574 |  36.9 |      20 |       7 |  25.9
        D:8 |     236 |     661 |  73.7 |       5 |       5 |  50.0
            +---------+---------+-------+---------+---------+-------
